 Dungeon Crawl Stone Soup version 0.25.0-1-g7eea58d2a3 (webtiles) character file.

Game seed: 14996686081193273634

1237446 MDvedh the Demon Slayer (level 27, -10/270 HPs)
             Began as a Minotaur Berserker on June 12, 2020.
             Was a High Priest of the Shining One.
             Killed by divine providence
             ... invoked by a greater mummy
              (15 damage)
             ... on level 3 of the Tomb of the Ancients on June 13, 2020.
             The game lasted 03:15:20 (85941 turns).

MDvedh the Demon Slayer (Minotaur Berserker)       Turns: 85941, Time: 03:15:20

Health: -10/270    AC: 68    Str: 26 (30) XL:     27
Magic:  8/35       EV: 36    Int:  8      God:    the Shining One [*****.]
Gold:   8623       SH: 41    Dex: 15 (19) Spells: 26/26 levels left

rFire    + + +     SeeInvis .   a - +18 lance "Wyrmbane" {slay drac, rPois rF+ rC+ AC+3}
rCold    + + +     Gourm    .   G - +5 kite shield {AC+3}
rNeg     + + +     Faith    .   J - +18 crystal plate armour of Indemnity {Int+4}
rPois    +         Spirit   .   X - +2 hat
rElec    .         Reflect  .   u - scarf {rC+ rF+}
rCorr    .         Harm     .   t - +0 pair of gloves "Quoh" {rPois rF+ MR+}
MR       ++++.     Clarity  +   H - +2 pair of boots Stlth ..........Rnd*Tele +
                                o - amulet of Lust {Acrobat Slay+3}
HPRegen  0.55/turn              M - ring "Xerunas" {rC+ Slay+2}
MPRegen  0.24/turn              S - ring "Kiat" {*Drain rPois rN+ MR+ Dex+4}

@: divine shield, acrobat, very slightly contaminated, slowed, glowing, studying
Slings, very slow
A: retaliatory headbutt, horns 2, slimy green scales 1, yellow scales 1,
camouflage 1, blink, clarity, low mp 1, shaggy fur 1, teleportitis 1
}: 14/15 runes: decaying, slimy, silver, iron, obsidian, icy, bone, abyssal,
demonic, glowing, magical, fiery, dark, gossamer
a: Blink, Divine Shield, Cleansing Flame, Summon Divine Warrior, Renounce
Religion


You were on level 3 of the Tomb of the Ancients.
You worshipped the Shining One.
The Shining One was extremely pleased with you.
You were near starving.

You visited 16 branches of the dungeon, and saw 84 of its levels.
You visited Pandemonium 1 time, and saw 12 of its levels.
You visited the Abyss 5 times.
You also visited: Ossuary and Ice Cave.

You collected 10990 gold pieces.
You spent 2367 gold pieces at shops.

Inventory:

Hand Weapons
 a - the +18 lance "Wyrmbane" (weapon) {slay drac, rPois rF+ rC+ AC+3}
   (You took it off a centaur on level 6 of the Dungeon)

   It affects your AC (+3).
   It protects you from fire.
   It protects you from cold.
   It protects you from poison.
 b - a +9 trishula of holy wrath
Armour
 t - the +0 pair of gloves "Quoh" (worn) {rPois rF+ MR+}
   (You found it on level 1 of the Spider Nest)

   It protects you from fire.
   It protects you from poison.
   It affects your resistance to hostile enchantments.
 u - a scarf of resistance (worn)
 G - a +5 kite shield of protection (worn)
 H - a +2 pair of boots (worn)
 J - the +18 crystal plate armour of Indemnity (worn) {Int+4}
   (You acquired it on level 2 of the Swamp)

   It affects your intelligence (+4).
 X - a +2 hat (worn)
Jewellery
 f - an uncursed ring of protection from fire
 h - the ring of Nihilism {rF+ rC+++ Int+7 Dex-5}
   (You found it on level 1 of the Elven Halls)

   [ring of protection from fire]

   It affects your intelligence (+7).
   It affects your dexterity (-5).
   It protects you from fire.
   It renders you almost immune to cold.
 k - an uncursed ring of resist corrosion
 o - the amulet of Lust (around neck) {Acrobat Slay+3}
   (You found it on level 1 of the Elven Halls)

   [amulet of the acrobat]

   It helps you evade while moving and waiting.
   It affects your accuracy and damage with ranged weapons and melee attacks
   (+3).
 K - the amulet "Wuyplaob" {Regen+ Stlth+}
   (You found it on level 1 of the Elven Halls)

   [amulet of regeneration]

   It increases your rate of regeneration.
   It makes you more stealthy.
 M - the ring "Xerunas" (left hand) {rC+ Slay+2}
   (You found it on level 1 of the Crypt)

   [ring of protection from cold]

   It affects your accuracy and damage with ranged weapons and melee attacks
   (+2).
   It protects you from cold.
 N - the ring of Kejyw {Ice rN++ Dex+4}
   (You took it off Antaeus on level 7 of Cocytus)

   [ring of ice]

   It enhances your ice magic.
   It affects your dexterity (+4).
   It makes you vulnerable to fire.
   It protects you from cold.
   It greatly protects you from negative energy.
 O - the ring "Qaki" {rElec rF- Str-4 Dex+9 Slay+4}
   (You acquired it on level 5 of the Depths)

   [ring of slaying]

   It affects your strength (-4).
   It affects your dexterity (+9).
   It affects your accuracy and damage with ranged weapons and melee attacks
   (+4).
   It makes you vulnerable to fire.
   It insulates you from electricity.
 S - the ring "Kiat" (right hand) {*Drain rPois rN+ MR+ Dex+4}
   (You found it on level 9 of the Dungeon)

   [ring of poison resistance]

   It affects your dexterity (+4).
   It protects you from poison.
   It protects you from negative energy.
   It affects your resistance to hostile enchantments.
   It causes draining when unequipped.
 V - the ring of Satyriasis {MR+ AC+4}
   (You found it on level 1 of the Elven Halls)

   [ring of protection]

   It affects your AC (+4).
   It affects your resistance to hostile enchantments.
 W - an uncursed amulet of reflection
 Y - a ring of the Octopus King {AC+1 EV+1 Str+1 Int+1 Dex+1 SInv}
   (You found it on level 3 of the Crypt)

   [ring of see invisible]

   It affects your AC (+1).
   It affects your evasion (+1).
   It affects your strength (+1).
   It affects your intelligence (+1).
   It affects your dexterity (+1).
   It lets you see invisible.
 Z - the ring of the Cockroach {rPois Slay+5}
   (You took it off a deep elf archer on level 3 of the Elven Halls)

   [ring of poison resistance]

   It affects your accuracy and damage with ranged weapons and melee attacks
   (+5).
   It protects you from poison.
Wands
 d - a wand of digging (16)
 I - a wand of iceblast (23)
 P - a wand of disintegration (57)
 Q - a wand of paralysis (9)
Scrolls
 i - 22 scrolls of identify
 j - 2 scrolls of fog
 l - 4 scrolls of magic mapping
 m - 15 scrolls of fear
 n - 9 scrolls of blinking
 r - 30 scrolls of teleportation
 w - 2 scrolls of holy word
 x - 2 scrolls of enchant armour
 y - 2 scrolls of summoning
 E - 26 scrolls of remove curse
 L - 4 scrolls of enchant weapon
 T - 2 scrolls of silence
 U - 2 scrolls of brand weapon
Potions
 e - 7 potions of cancellation
 p - a potion of ambrosia
 q - 9 potions of stabbing
 s - 14 potions of curing
 B - 8 potions of berserk rage
 C - 6 potions of resistance
 D - 8 potions of flight
 R - 2 potions of brilliance
Books
 v - a manual of Slings
Comestibles
 c - 30 rations


   Skills:
 - Level 26.5 Fighting
   Level 12.6(21.3) Axes
 - Level 26.8(27) Polearms
 - Level 26.4 Armour
 + Level 26.8 Dodging
 + Level 26.9 Shields
 O Level 27 Invocations


You had 26 spell levels left.
You didn't know any spells.
Your spell library contained the following spells:

 Spells                   Type           Power        Failure   Level  Hunger
 Foxfire                  Conj/Fire      #...         97%         1    ##.....
 Infusion                 Chrm           #...         97%         1    ##.....
 Shock                    Conj/Air       #...         97%         1    ##.....
 Blink                    Tloc           N/A          99%         2    ###....
 Ensorcelled Hibernation  Hex/Ice        #.....       99%         2    ###....
 Passwall                 Tmut/Erth      #.......     99%         2    ###....
 Poisonous Vapours        Pois/Air       #.....       99%         2    ###....
 Shroud of Golubria       Chrm/Tloc      #.....       99%         2    ###....
 Sublimation of Blood     Necr           #.........   99%         2    ###....
 Swiftness                Chrm/Air       #.......     99%         2    ###....
 Conjure Flame            Conj/Fire      #.......     100%        3    ####...
 Frozen Ramparts          Ice            #.....       100%        3    ####...
 Gell's Gravitas          Tloc           #.........   100%        3    ####...
 Ignite Poison            Fire/Tmut/Pois #.......     100%        3    ####...
 Inner Flame              Hex/Fire       #.......     100%        3    ####...
 Lesser Beckoning         Tloc           #.........   100%        3    ####...
 Mephitic Cloud           Conj/Pois/Air  #.......     100%        3    ####...
 Ozocubu's Armour         Chrm/Ice       #.......     100%        3    ####...
 Portal Projectile        Hex/Tloc       #.....       100%        3    ####...
 Spider Form              Tmut/Pois      #.........   100%        3    ####...
 Static Discharge         Conj/Air       #.......     100%        3    ####...
 Teleport Other           Tloc           #.......     100%        3    ####...
 Airstrike                Air            #.........   100%        4    #####..
 Ice Form                 Ice/Tmut       #.......     100%        4    #####..
 Leda's Liquefaction      Hex/Erth       #.........   100%        4    #####..
 Passage of Golubria      Tloc           N/A          100%        4    #####..
 Petrify                  Tmut/Erth      #.......     100%        4    #####..
 Summon Lightning Spire   Summ/Air       #.......     100%        4    #####..
 Alistair's Intoxication  Tmut/Pois      #.......     100%        5    ######.
 Borgnjor's Vile Clutch   Necr/Erth      #.........   100%        5    ######.
 Irradiate                Conj/Tmut      #.........   100%        5    ######.
 Lee's Rapid Deconstruct  Erth           #.........   100%        5    ######.
 Lightning Bolt           Conj/Air       #.........   100%        5    ######.
 Metabolic Englaciation   Hex/Ice        #.........   100%        5    ######.
 Silence                  Hex/Air        #.........   100%        5    ######.
 Conjure Ball Lightning   Conj/Air       #.........   100%        6    #######
 Darkness                 Hex            #.........   100%        6    #######
 Dispersal                Tloc           #.........   100%        6    #######
 Eringya's Noxious Bog    Tmut/Pois      #.........   100%        6    #######
 Freezing Cloud           Conj/Ice/Air   #.........   100%        6    #######
 Invisibility             Hex            #.......     100%        6    #######
 Iron Shot                Conj/Erth      #.........   100%        6    #######
 Ozocubu's Refrigeration  Ice            #.........   100%        6    #######
 Simulacrum               Ice/Necr       #.........   100%        6    #######
 Statue Form              Tmut/Erth      #........    100%        6    #######
 Malign Gateway           Summ/Tloc      #.........   100%        7    #######
 Ring of Flames           Chrm/Fire      #.........   100%        7    #######
 Controlled Blink         Tloc           N/A          100%        8    #######
 Disjunction              Tloc           #.........   100%        8    #######
 Ignition                 Fire           #.........   100%        8    #######
 Shatter                  Erth           #.........   100%        9    #######
 Tornado                  Air            #.........   100%        9    #######


Dungeon Overview and Level Annotations

Branches:
Dungeon (15/15)            Temple (0/1) D:4            Lair (6/6) D:11
  Swamp (4/4) Lair:3       Spider (4/4) Lair:2        Slime (5/5) Lair:5
    Orc (2/2) D:9             Elf (3/3) Orc:2        Vaults (5/5) D:14
  Crypt (3/3) Vaults:2       Tomb (3/3) Crypt:3      Depths (5/5) D:15
   Hell (visited)             Dis (7/7) Hell            Geh (7/7) Hell
    Coc (7/7) Hell            Tar (7/7) Hell            Zot (0/5) Depths:5
Ossuary (visited)           IceCv (visited)

Altars:
Cheibriados
Dithmenos
Fedhas
Hepliaklqana
Kikubaaqudgha
Makhleb
Okawaru
Qazlal
Sif Muna
Uskayaw
Vehumet
Xom
Yredelemnul
Zin
The Shining One
Jiyva

Shops:
D:4 *   D:6 [   D:10 *   Orc:1 [   Orc:2 [?*%   Elf:1 *}:!

Portals:
Hell: Depths:1 Depths:2 Depths:4 Depths:5
Abyss: Depths:4 Depths:5
Pandemonium: Depths:4

Annotations:
D:15 Roxanne
Lair:2 1 runed translucent door, Pamiuf's ghost, journeyman KoSu
Depths:3 exclusion: orange crystal statue
Coc:7 exclusion: ice statue


Innate Abilities, Weirdness & Mutations

You reflexively headbutt those who attack you in melee.
You have a pair of horns on your head.
You are partially covered in slimy green scales. (AC +2)
You are partially covered in yellow scales. (AC +2)
Your skin changes colour to match your surroundings (Stealth+).
You can translocate small distances at will.
You possess an exceptional clarity of mind.
Your magical capacity is low. (-10% MP)
You are covered in fur. (AC +1)
You are occasionally teleported next to monsters.


Message History

Your body is wracked with pain!
* * * LOW HITPOINT WARNING * * *
The mummy priest calls on the powers of darkness!
Your body is wracked with pain!
* * * LOW HITPOINT WARNING * * *
The sun demon hits you!
* * * LOW HITPOINT WARNING * * *
You are engulfed in flames.
You resist.
* * * LOW HITPOINT WARNING * * *
You block the five-headed hydra zombie's attack. x4
The five-headed hydra zombie bites you!
* * * LOW HITPOINT WARNING * * *
Unknown command.
Unknown command.
Unknown command.
Unknown command.
Unknown command.
The greater mummy gestures at you while chanting.
Something smites you!
You die...

#### ######## $$$$#
#......# $$($.#
#......# $$$$..
#....^.#
$$|.(.##......#
$$.....#...§..#
$$.....#3Z§§§)#
$$$....@zZW§3z'M
)...^..#.8MMMs#.M
.%...!.#......# Z.
..!...##..M.M)# M
......##.....Z##
.....##.......M##
...<##..........##
...##...^.[......##
##.....(........##


You could see 2 greater mummies, a mummy priest, a sun demon (summoned), a
guardian mummy, an ushabti, a spectral fire giant (summoned), a shadow
(summoned, invisible), a flying skull, a mummy, a five-headed hydra zombie
(summoned) and a titan skeleton.

Vanquished Creatures
  Asmodeus (Geh:7)
  Ereshkigal (Tar:7)
  Dissolution (Slime:3)
  Gloorx Vloq (Pan)
  Lom Lobon (Pan)
  A pandemonium lord (Pan)
  6 ancient liches
  Dispater (Dis:7)
  3 juggernauts
  Boris (Crypt:2)
  The ghost of Nyubb the Impregnable, a veteran MiGl of Hepliaklqana (Crypt:1)
  24 greater mummies
  Saint Roka (Vaults:3)
  Frederick (Crypt:2)
  7 shard shrikes
  Bai Suzhen (Vaults:3)
  A caustic shrike (Depths:2)
  Geryon (Hell)
  3 golden dragons
  the Enchantress (Depths:5)
  8 bone dragons
  2 profane servitors (Crypt:3)
  Jory (Crypt:1)
  3 doom hounds
  11 Tzitzimimeh
  19 Brimstone Fiends
  6 iron giants (Dis:7)
  14 Ice Fiends
  4 tentacled monstrosities
  7 Hell Sentinels
  6 liches
  Rupert (D:12)
  A quicksilver dragon (Dis:7)
  Asterion (Elf:1)
  3 titans (Vaults:5)
  2 deep elf master archers (Elf:3)
  3 deep elf blademasters (Elf:3)
  15 acid blobs
  7 ancient champions
  19 Executioners
  21 tentacled starspawn
  7 tengu reavers
  The ghost of iishen the Markscentaur, an adept CeHu of Okawaru (Spider:1)
  11 sphinxes
  11 shadow dragons
  Donald (Spider:4)
  A daeva (Abyss:5)
  5 thorn hunters
  3 azure jellies
  12 fire giants
  21 frost giants
  5 storm dragons
  6 revenants
  5 deep elf sorcerers
  6 ghost moths
  An orc warlord (Orc:1)
  4 iron dragons
  15 vault wardens
  7 emperor scorpions
  20 balrugs
  16 ghouls
  Aizul (Depths:2)
  6 deep elf elementalists
  A draconian scorcher (Abyss:1)
  7 cacodemons
  Louise (Spider:2)
  4 curse skulls
  2 draconian shifters
  2 draconian annihilators
  3 warmongers (Pan)
  4 spriggan defenders
  18 ironheart preservers
  2 angels
  15 war gargoyles
  36 stone giants
  2 elemental wellsprings (Coc:7)
  49 reapers
  7 entropy weavers
  4 blood saints (Pan)
  The ghost of lepoulpe303 the Grappler, a journeyman TrMo of Cheibriados (Lair:6)
  24 very ugly things
  Nessos (Lair:5)
  2 green draconians (Depths:5)
  10 bennus
  7 deep elf demonologists
  2 corrupters (Pan)
  The ghost of hittemvvvvhard the Severer, a journeyman HOCK of Okawaru (Lair:6)
  5 lorocyprocas
  2 yellow draconians (Depths:5)
  11 vampire knights
  9 deep elf annihilators
  4 black suns (Pan)
  27 small abominations
  A red draconian (Abyss:4)
  A purple draconian (Depths:5)
  3 white draconians
  8 spark wasps
  11 ettins
  27 mummy priests
  A merfolk javelineer (Depths:5)
  9 deep elf death magi
  11 eidola (Crypt:3)
  3 death oozes
  16 blizzard demons
  13 yaktaur captains
  6 great orbs of eyes
  5 green deaths
  A great orb of eyes (shapeshifter) (Vaults:2)
  12 jiangshi
  11 fire dragons
  4 quicksilver dragon zombies
  4 rakshasas
  Josephine (Lair:6)
  12 deep elf high priests
  19 hydras
  Fannar (Lair:2)
  3 quicksilver dragon skeletons
  34 vault guards
  5 monstrous demonspawn (Pan)
  A hydra (shapeshifter) (Vaults:5)
  23 ice dragons
  A naga warrior (Abyss:4)
  4 ghost crabs
  2 kraken zombies
  3 spriggan air magi
  8 death knights
  A catoblepas (Lair:6)
  48 two-headed ogres
  8 centaur warriors
  2 shambling mangroves (Swamp:2)
  9 alligators
  25 hell hogs
  3 tengu warriors
  16 ogre magi
  52 death scarabs (Tomb:2)
  A titan zombie (Dis:6)
  11 vampire magi
  7 deep troll earth magi
  53 large abominations
  A queen ant (Spider:3)
  34 thrashing horrors
  5 spriggan berserkers
  3 deep troll shamans
  42 dancing weapons
  3 orc high priests (Orc:2)
  3 iron golems
  Urug (D:12)
  Nergalle (D:12)
  14 soul eaters
  19 deep elf knights
  4 storm dragon zombies
  32 sun demons
  55 hell knights
  19 spriggans
  12 wretched stars
  90 skeletal warriors
  7 iron trolls
  A fire crab (shapeshifter) (Vaults:3)
  6 shadow wraiths
  A quicksilver dragon simulacrum (Coc:7)
  A titan skeleton (Tar:1)
  4 storm dragon skeletons
  7 anaconda zombies
  11 sixfirhies
  A death drake (Abyss:4)
  3 infernal demonspawn
  7 unseen horrors
  A torturous demonspawn (Pan)
  8 spatial maelstroms
  2 spriggan druids (Swamp:4)
  5 golden dragon zombies
  11 shadow demons
  A spectral hydra (Depths:3)
  4 kraken simulacra
  4 glowing orange brains
  A ghost moth zombie (Coc:1)
  12 swamp dragons
  25 starcursed masses
  A death drake (shapeshifter) (Abyss:4)
  15 flayed ghosts
  6 gelid demonspawn
  2 shadow dragon zombies
  11 wizards
  21 deep trolls
  33 phantasmal warriors
  12 orc knights
  17 deep elf archers
  15 ironbrand convokers
  2 wolf spider zombies
  3 golden dragon skeletons
  A wolf spider (shapeshifter) (Vaults:2)
  5 stone giant zombies
  24 orb spiders
  40 wolf spiders
  11 frost giant zombies
  2 shadow dragon skeletons
  69 deep elf magi
  18 necromancers
  3 anaconda skeletons
  2 iron dragon zombies
  38 ugly things
  3 iron dragon skeletons
  5 shining eyes
  A moth of wrath (shapeshifter) (Depths:2)
  3 worldbinders
  20 cyclopes
  8 orc sorcerers
  3 salamanders (shapeshifter)
  3 manticores
  3 stone giant skeletons
  4 fire giant zombies
  A black mamba (Lair:3)
  A black mamba (shapeshifter) (Vaults:3)
  3 fire giant skeletons
  2 shock serpent zombies
  6 frost giant skeletons
  36 rust devils
  6 dire elephant zombies
  2 apocalypse crabs
  An eye of devastation (shapeshifter) (Elf:2)
  A spiny frog (shapeshifter) (Elf:1)
  An ice statue (IceCv)
  17 vault sentinels
  3 titan simulacra (Coc:7)
  4 eyes of devastation
  23 smoke demons
  5 molten gargoyles
  4 catoblepas zombies
  12 orange demons
  6 storm dragon simulacra (Coc:7)
  A torpor snail (shapeshifter) (Depths:4)
  A yaktaur zombie (Vaults:2)
  A rime drake (Lair:5)
  3 torpor snails
  14 spiny frogs
  14 hellions
  A pale draconian zombie (Crypt:1)
  20 demonic crawlers
  A yaktaur (shapeshifter) (Vaults:4)
  A yellow draconian zombie (Crypt:2)
  A kobold demonologist (D:13)
  3 human zombies
  A dire elephant skeleton (Coc:7)
  32 freezing wraiths
  48 yaktaurs
  An emperor scorpion zombie (Dis:7)
  7 efreet
  25 ice devils
  3 human skeletons
  7 anaconda simulacra
  7 komodo dragons
  2 silent spectres
  9 hellwings
  23 tormentors
  47 guardian mummies
  10 ancient zymes
  40 jumping spiders
  A white draconian skeleton (Crypt:2)
  A golden dragon simulacrum (Abyss:4)
  2 catoblepas skeletons
  16 trolls
  2 harpy zombies
  2 jumping spiders (shapeshifter)
  10 tyrant leeches
  18 red devils
  6 hydra skeletons
  15 polar bears
  A blink frog (shapeshifter) (Abyss:2)
  A wolf spider simulacrum (IceCv)
  83 slime creatures
  11 hydra zombies
  31 hornets
  4 alligator zombies
  8 fire dragon zombies
  A wind drake (shapeshifter) (Elf:1)
  25 raiju
  2 shadow dragon simulacra
  A jumping spider zombie (Crypt:2)
  6 ice dragon zombies
  12 hippogriffs
  12 bog bodies
  3 harpy skeletons
  14 blink frogs
  5 ettin zombies
  A frost giant simulacrum (Coc:7)
  5 ettin skeletons
  A stone giant simulacrum (Coc:7)
  64 flying skulls
  31 wraiths
  Sigmund (D:4)
  4 air elementals
  A snapping turtle (shapeshifter) (Vaults:5)
  A black mamba zombie (Dis:7)
  36 shadows
  46 tarantellas
  5 fire dragon skeletons
  2 spriggans (shapeshifter)
  95 redbacks
  20 yaks
  4 humans (D:14)
  12 ushabtiu
  3 vampires
  A tarantella (shapeshifter) (Vaults:1)
  An alligator skeleton (Geh:4)
  16 water elementals
  A wyvern (D:10)
  14 ynoxinuls
  21 fire elementals
  A hog (shapeshifter) (D:15)
  A basilisk (shapeshifter) (Elf:1)
  3 black mamba skeletons
  A wind drake zombie (Crypt:2)
  7 fire bats (Abyss:2)
  7 basilisks
  13 chaos spawn
  2 death yak simulacra (IceCv)
  18 neqoxecs
  2 hungry ghosts
  15 vampire mosquitoes
  18 swamp worms
  Menkaure (Ossuary)
  A steam dragon (D:9)
  A torturous demonspawn zombie (Crypt:1)
  10 spatial vortices
  14 insubstantial wisps
  2 soldier ants (shapeshifter) (Vaults:1)
  2 acid dragons (shapeshifter)
  A naga (Abyss:4)
  10 wargs
  An infernal demonspawn zombie (Crypt:3)
  7 spiny frog zombies
  2 acid dragons
  24 soldier ants
  12 water moccasins
  3 floating eyes
  An infernal demonspawn skeleton (Crypt:2)
  Duvessa (D:6)
  A floating eye (shapeshifter) (Vaults:1)
  7 hydra simulacra
  39 hell hounds
  8 porcupines
  16 swamp drakes
  45 orc warriors
  15 ice beasts
  13 black bears
  4 sky beasts
  A sky beast (shapeshifter) (Vaults:4)
  A manticore zombie (Coc:7)
  2 swamp dragon zombies
  4 eyes of draining
  30 necrophages
  4 snapping turtle zombies
  4 spiny frog skeletons
  2 alligator simulacra
  11 phantoms
  20 boggarts
  A snapping turtle skeleton (Coc:7)
  48 ogres
  30 wolves
  17 centaurs
  15 crocodiles
  A swamp dragon skeleton (Tar:1)
  3 big kobolds
  2 rime drake skeletons
  23 bullfrogs
  A glowing shapeshifter simulacrum (Vaults:3)
  9 earth elementals
  A water moccasin skeleton (D:8)
  7 wyvern skeletons (Crypt:3)
  2 troll zombies
  6 scorpions
  Dowan (D:6)
  11 killer bees
  A raiju skeleton (Crypt:2)
  7 howler monkeys
  44 wights
  A wolf zombie (Crypt:1)
  5 electric eels
  12 crimson imps
  6 centaur zombies
  5 quasits
  2 bullfrog zombies
  4 draconian simulacra (IceCv)
  11 centaur skeletons
  7 hounds
  21 orc priests
  6 jellies
  4 bullfrog skeletons
  7 iron imps
  Terence (D:2)
  An iguana (D:6)
  22 orc wizards
  A spriggan simulacrum (IceCv)
  3 troll simulacra (IceCv)
  25 worker ants
  A polar bear simulacrum (IceCv)
  A killer bee zombie (D:8)
  A naga zombie (Geh:1)
  A tengu zombie (Tar:1)
  6 centaur simulacra (IceCv)
  A naga skeleton (Abyss:1)
  An ogre skeleton (Geh:5)
  A hound zombie (D:10)
  A tengu skeleton (Coc:4)
  39 mummies
  A worker ant zombie (D:10)
  A howler monkey zombie (Crypt:1)
  A gnoll (D:8)
  2 naga simulacra (IceCv)
  15 adders
  A howler monkey skeleton (D:9)
  4 ogre simulacra (IceCv)
  4 shadow imps
  20 white imps
  8 ufetubi
  3 oozes (Lair:5)
  An adder zombie (D:5)
  An adder skeleton (D:5)
  A worm (D:2)
  A barachi zombie (Crypt:1)
  2 dart slugs (D:1)
  7 leopard geckos
  91 orcs
  4 giant cockroaches
  10 goblins
  6 hobgoblins
  2 jackals (D:7)
  4 quokkas
  2 ball pythons
  A ball python skeleton (Crypt:2)
  8 bats
  5 frilled lizards
  4 gnoll skeletons (Ossuary)
  4 gnoll zombies (Ossuary)
  2 goblin skeletons (Ossuary)
  5 goblin zombies
  6 hobgoblin skeletons (Ossuary)
  2 hobgoblin zombies (Ossuary)
  A jackal skeleton (D:6)
  18 kobolds
  2 kobold skeletons (Ossuary)
  6 kobold zombies
  7 orc skeletons (Ossuary)
  6 orc zombies
  5 rats
  4 rat skeletons (Ossuary)
  4 rat zombies (Ossuary)
  A block of ice (Pan)
  5 briar patches
  A crawling corpse (Elf:3)
  2 lurking horrors
  A plant (D:11)
  16 starspawn tentacles
  9 tentacles
4293 creatures vanquished.

Vanquished Creatures (collateral kills)
  Cerebov (Pan)
  Antaeus (Coc:7)
  the Royal Jelly (Slime:5)
  Mnoleg (Pan)
  An ancient lich (Tomb:3)
  Mara (Depths:2)
  6 greater mummies (Tomb:1)
  A Tzitzimitl (Tar:7)
  An iron giant (Dis:7)
  4 Brimstone Fiends
  A tentacled monstrosity (Vaults:5)
  An Ice Fiend (Coc:7)
  A titan (Depths:2)
  A deep elf blademaster (Elf:3)
  2 Executioners
  An acid blob (Slime:5)
  2 sphinxes
  A fire giant (Vaults:5)
  A tengu reaver (Depths:2)
  A vault warden (Vaults:5)
  2 azure jellies (Slime:5)
  A ghost moth (Spider:4)
  A cacodemon (Pan)
  An emperor scorpion (Spider:4)
  5 balrugs
  3 reapers (Dis:7)
  An ironheart preserver (Vaults:5)
  A war gargoyle (Dis:7)
  2 deep elf demonologists
  A stone giant (Depths:2)
  A spark wasp (Depths:2)
  A lorocyproca (Pan)
  A death ooze (Slime:5)
  4 mummy priests
  The ghost of HiStorm4nn the Jinx, a journeyman FeCj of Vehumet (Lair:6)
  7 vault guards
  A thrashing horror (Abyss:5)
  A death scarab (Tomb:2)
  4 hell knights (Dis:7)
  A soul eater (Tar:7)
  4 sun demons
  A shadow wraith (Pan)
  4 skeletal warriors
  4 deep trolls
  A large abomination (Pan)
  A shadow dragon zombie (Coc:7)
  2 phantasmal warriors (Vaults:5)
  A deep elf mage (Vaults:5)
  A wolf spider (Spider:4)
  An orc knight (Vaults:5)
  A shining eye (Slime:5)
  An orb spider (Spider:4)
  A shadow dragon skeleton (Pan)
  An orc sorcerer (Vaults:5)
  A frost giant skeleton (Geh:7)
  2 rust devils (Dis:7)
  A titan simulacrum (Coc:7)
  A smoke demon (Pan)
  An eye of devastation (Pan)
  A freezing wraith (Vaults:5)
  2 efreet (Pan)
  5 guardian mummies (Tomb:2)
  3 demonic crawlers (Pan)
  2 tormentors (Dis:7)
  An ice devil (Coc:7)
  A red devil (Pan)
  2 jumping spiders (Spider:4)
  3 hornets
  A fire dragon zombie (Dis:7)
  A raiju (Abyss:5)
  3 slime creatures (D:13)
  A flying skull (Coc:7)
  A wraith (Geh:7)
  A spriggan (Lair:6)
  3 redbacks (Spider:4)
  An ushabti (Tomb:1)
  2 humans (D:14)
  A golden eye (Slime:5)
  A chaos spawn (Pan)
  A neqoxec (Pan)
  A warg (Vaults:5)
  A spatial vortex (Abyss:5)
  A soldier ant (Spider:3)
  A spiny frog skeleton (Geh:7)
  A swamp drake (Swamp:4)
  An orc warrior (Vaults:5)
  An eye of draining (Slime:5)
  A manticore skeleton (Tomb:3)
  A necrophage (Dis:7)
  A wolf (Lair:6)
  A wight (Geh:7)
  3 mummies
  A shadow imp (Tar:7)
152 creatures vanquished.

Vanquished Creatures (others)
  An eldritch tentacle (Pan)
  A vampire knight (Depths:4)
  A deep elf annihilator (Pan)
  A lorocyproca (Pan)
  A blizzard demon (Pan)
  A vault guard (D:14)
  A thrashing horror (Abyss:5)
  A deep elf knight (Elf:1)
  A smoke demon (Pan)
  3 hellwings (Pan)
  2 flying skulls
  A water elemental (Coc:7)
  A redback (Spider:1)
  A tarantella (Spider:1)
  2 fire bats (Abyss:5)
  A chaos spawn (Abyss:5)
  An insubstantial wisp (Swamp:3)
  A hell hound (Dis:7)
  A wight (Geh:2)
  4 ball lightnings (Pan)
  A gnoll zombie (Ossuary)
  A block of ice (Pan)
  3 briar patches
  3 fungi
  3 lurking horrors
  5 plants
  34 starspawn tentacles
  22 tentacles
  2 withered plants (Crypt:3)
101 creatures vanquished.

Grand Total: 4546 creatures vanquished

Notes
Turn   | Place    | Note
-------+----------+-------------------------------------------
     0 | D:1      | MDvedh the Minotaur Berserker began the quest for the Orb.
     0 | D:1      | Reached XP level 1. HP: 19/19 MP: 0/0
   147 | D:1      | Reached XP level 2. HP: 26/26 MP: 1/1
   597 | D:2      | Reached skill level 5 in Axes
   625 | D:2      | Reached XP level 3. HP: 18/31 MP: 2/2
  1155 | D:2      | Noticed a centaur
  1160 | D:2      | HP: 1/46 [centaur/arrow (14)]
  1162 | D:2      | Killed a centaur
  1162 | D:2      | Reached XP level 4. HP: 1/39 MP: 3/3
  1837 | D:2      | Found a shimmering blue altar of Sif Muna.
  1887 | D:2      | Reached XP level 5. HP: 45/45 MP: 4/4
  1961 | D:2      | Found a glowing golden altar of the Shining One.
  2092 | D:2      | Noticed Terence
  2104 | D:2      | Killed Terence
  2104 | D:2      | Reached ** piety under Trog
  2445 | D:3      | Found a hide-covered altar of Uskayaw.
  2969 | D:4      | Found a basalt altar of Yredelemnul.
  2994 | D:4      | Found a sand-covered staircase.
  3005 | Ossuary  | Entered an ossuary
  3090 | Ossuary  | Reached *** piety under Trog
  3379 | Ossuary  | Reached XP level 6. HP: 49/51 MP: 5/5
  3379 | Ossuary  | Noticed Menkaure
  3386 | Ossuary  | Reached **** piety under Trog
  3392 | Ossuary  | Killed Menkaure
  3827 | D:4      | Found a staircase to the Ecumenical Temple.
  3921 | D:4      | Noticed Sigmund
  3942 | D:4      | Killed Sigmund
  3942 | D:4      | Reached skill level 10 in Axes
  3942 | D:4      | Reached XP level 7. HP: 52/57 MP: 6/6
  4071 | D:4      | Found Caisar's Assorted Antiques.
  4079 | D:4      | Bought a scroll labeled EVODAT BOSH for 23 gold pieces
  4079 | D:4      | Bought a coppery potion for 20 gold pieces
  4525 | D:5      | Entered Level 5 of the Dungeon
  4835 | D:5      | Reached XP level 8. HP: 60/64 MP: 7/7
  5021 | D:5      | Found an ancient bone altar of Kikubaaqudgha.
  5046 | D:5      | Found a glowing silver altar of Zin.
  5183 | D:5      | Found a shadowy altar of Dithmenos.
  5801 | D:6      | Found a shimmering altar of Xom.
  5802 | D:6      | Found a burning altar of Makhleb.
  5805 | D:6      | Reached skill level 1 in Polearms
  5880 | D:6      | Noticed Duvessa
  5880 | D:6      | Noticed Dowan
  5885 | D:6      | Killed Dowan
  5899 | D:6      | Killed Duvessa
  6047 | D:6      | Found Pireboc's Antique Armour Boutique.
  6148 | D:6      | Reached skill level 5 in Polearms
  6425 | D:6      | Reached XP level 9. HP: 56/70 MP: 8/8
  6895 | D:7      | Reached ***** piety under Trog
  6984 | D:7      | Reached skill level 1 in Shields
  7114 | D:7      | Found a radiant altar of Vehumet.
  7133 | D:7      | Found an iron altar of Okawaru.
  7689 | D:8      | Reached skill level 5 in Fighting
  7764 | D:8      | Found a stormy altar of Qazlal.
  7876 | D:8      | Received a gift from Trog
  7988 | D:8      | Reached XP level 10. HP: 80/83 MP: 9/9
  8061 | D:8      | Reached skill level 5 in Armour
  8581 | D:9      | Reached skill level 5 in Shields
  8602 | D:9      | Found a staircase to the Orcish Mines.
  8648 | D:9      | Noticed a two-headed ogre
  8669 | D:9      | Killed a two-headed ogre
  8785 | D:9      | Found a hazy altar of Hepliaklqana.
  8787 | D:9      | Found an ancient bone altar of Kikubaaqudgha.
  8789 | D:9      | Found a blossoming altar of Fedhas.
  8797 | D:9      | Found a radiant altar of Vehumet.
  8800 | D:9      | Found a snail-covered altar of Cheibriados.
  9066 | D:9      | Got a smoking turquoise ring
  9316 | D:9      | Identified the ring "Kiat" {*Drain rPois rN+ MR+ Dex+4}
                  | (You found it on level 9 of the Dungeon)
  9501 | D:10     | Entered Level 10 of the Dungeon
  9501 | D:10     | Noticed a two-headed ogre
  9510 | D:10     | Killed a two-headed ogre
  9562 | D:10     | Received a gift from Trog
  9662 | D:10     | Found Oteyho Kanoe's Assorted Antiques.
  9686 | D:10     | Bought a pair of embroidered boots for 225 gold pieces
  9686 | D:10     | Bought a scroll labeled AZEMORU LEAGO for 30 gold pieces
  9686 | D:10     | Bought a scroll labeled AZEMORU LEAGO for 30 gold pieces
  9686 | D:10     | Bought a scroll of identify for 60 gold pieces
  9741 | D:10     | Reached XP level 11. HP: 71/95 MP: 10/10
  9853 | D:10     | Noticed a six-headed hydra
  9862 | D:10     | Killed a six-headed hydra
 10276 | D:11     | Noticed a purple ugly thing
 10281 | D:11     | Killed a purple ugly thing
 10364 | D:11     | Found a staircase to the Lair.
 10395 | D:11     | Got an ancient chain mail
 10406 | D:11     | Identified the cursed +0 chain mail of Time Monsters
                  | {Slay+5} (You found it on level 11 of the Dungeon)
 11098 | Lair:1   | Entered Level 1 of the Lair of Beasts
 11124 | Lair:1   | Found a frozen archway.
 11151 | IceCv    | Entered an ice cave
 11156 | IceCv    | Reached skill level 10 in Fighting
 11187 | IceCv    | Received a gift from Trog
 11568 | IceCv    | Reached skill level 10 in Armour
 11733 | IceCv    | Found an ancient bone altar of Kikubaaqudgha.
 11738 | IceCv    | Reached skill level 10 in Shields
 11904 | IceCv    | Noticed a necromancer
 11912 | IceCv    | Killed a necromancer
 11912 | IceCv    | Reached XP level 12. HP: 72/108 MP: 11/11
 12534 | Lair:1   | Noticed a six-headed hydra
 12541 | Lair:1   | Killed a six-headed hydra
 13264 | Lair:2   | Noticed Fannar
 13280 | Lair:2   | Killed Fannar
 13313 | Lair:2   | Found a hole to the Spider Nest.
 13762 | Lair:2   | Found a runed translucent door.
 13766 | Lair:2   | Noticed Pamiuf's ghost (journeyman KoSu)
 13894 | Lair:2   | Received a gift from Trog
 14752 | Lair:3   | Found a staircase to the Swamp.
 15752 | Lair:5   | Reached XP level 13. HP: 117/122 MP: 12/12
 16155 | Lair:5   | Found a staircase to the Slime Pits.
 16394 | Lair:5   | Noticed Nessos
 16418 | Lair:5   | Killed Nessos
 17314 | Lair:6   | Entered Level 6 of the Lair of Beasts
 17403 | Lair:6   | Received a gift from Trog
 17689 | Lair:6   | Found a runed translucent gate.
 17689 | Lair:6   | Found a runed translucent gate.
 17689 | Lair:6   | Found a runed translucent gate.
 17692 | Lair:6   | Noticed hittemvvvvhard's ghost (journeyman HOCK)
 17692 | Lair:6   | Noticed lepoulpe303's ghost (journeyman TrMo)
 17693 | Lair:6   | Noticed HiStorm4nn's ghost (journeyman FeCj)
 17814 | Lair:6   | Reached skill level 15 in Fighting
 17903 | Lair:6   | Reached skill level 15 in Armour
 18391 | Lair:6   | Noticed Josephine
 18413 | Lair:6   | Killed Josephine
 18479 | Lair:6   | Reached XP level 14. HP: 134/136 MP: 13/13
 18809 | Lair:6   | Killed lepoulpe303's ghost
 18823 | Lair:6   | Killed hittemvvvvhard's ghost
 18847 | Lair:6   | Killed HiStorm4nn's ghost
 18868 | Lair:6   | Gained mutation: You have very sharp teeth. [potion of
                  | mutation]
 18868 | Lair:6   | Gained mutation: You are clumsy. (Dex -2) [potion of
                  | mutation]
 18868 | Lair:6   | Gained mutation: You are covered in fur. (AC +1) [potion of
                  | mutation]
 19182 | Lair:6   | Received a gift from Trog
 19671 | Orc:1    | Entered Level 1 of the Orcish Mines
 19671 | Orc:1    | Found Weesyop's Antique Armour Emporium.
 19838 | Orc:1    | Noticed an orc warlord
 19866 | Orc:1    | Killed an orc warlord
 19959 | Orc:1    | You fall into a shaft and drop 1 floor!
 19959 | Orc:2    | Entered Level 2 of the Orcish Mines
 20476 | Orc:2    | Reached skill level 10 in Polearms
 20592 | Orc:2    | Reached ****** piety under Trog
 20665 | Orc:2    | Received a gift from Trog
 20906 | Orc:2    | Found Atomael's Magic Scroll Shop.
 20906 | Orc:2    | Found Kaosy's Armour Emporium.
 20908 | Orc:2    | Found Limuil's Food Shop.
 20908 | Orc:2    | Found Roblub's General Store.
 20914 | Orc:2    | Bought a scroll of identify for 22 gold pieces
 20932 | Orc:2    | Bought a scroll of teleportation for 33 gold pieces
 20932 | Orc:2    | Bought a scroll of identify for 22 gold pieces
 20932 | Orc:2    | Bought a scroll of teleportation for 33 gold pieces
 20932 | Orc:2    | Bought 2 scrolls of blinking for 165 gold pieces
 20932 | Orc:2    | Bought a scroll of identify for 22 gold pieces
 20932 | Orc:2    | Bought a scroll of teleportation for 33 gold pieces
 20932 | Orc:2    | Bought a scroll of teleportation for 33 gold pieces
 20963 | Orc:2    | Found a staircase to the Elven Halls.
 21447 | D:12     | Noticed Urug
 21455 | D:12     | Killed Urug
 21487 | D:12     | Noticed Nergalle
 21499 | D:12     | Killed Nergalle
 21960 | D:12     | Noticed Rupert
 21978 | D:12     | Killed Rupert
 22684 | D:13     | Reached skill level 5 in Dodging
 22772 | D:13     | Found a hazy altar of Hepliaklqana.
 23096 | D:14     | Reached XP level 15. HP: 126/145 MP: 14/14
 24684 | D:14     | Found a gate to the Vaults.
 25255 | D:15     | Entered Level 15 of the Dungeon
 25446 | D:15     | Identified Roxanne's Incunabulum of Clay
 25446 | D:15     | Noticed Roxanne
 25914 | D:15     | Received a gift from Trog
 26094 | D:15     | Found a staircase to the Depths.
 26355 | Swamp:1  | Entered Level 1 of the Swamp
 27366 | Swamp:2  | Received a gift from Trog
 27692 | Swamp:2  | Noticed a thorn hunter
 27712 | Swamp:2  | Killed a thorn hunter
 27878 | Swamp:2  | Reached XP level 16. HP: 155/155 MP: 15/15
 27949 | Swamp:2  | Identified a scroll of acquirement
 27950 | Swamp:2  | Got the +18 crystal plate armour of Indemnity {Int+4}
 27973 | Swamp:2  | Noticed a thorn hunter
 27989 | Swamp:2  | Killed a thorn hunter
 29123 | Swamp:3  | Noticed a thorn hunter
 29141 | Swamp:3  | Killed a thorn hunter
 29935 | Swamp:4  | Entered Level 4 of the Swamp
 30124 | Swamp:4  | Received a gift from Trog
 30131 | Swamp:4  | Noticed a thorn hunter
 30147 | Swamp:4  | Killed a thorn hunter
 30233 | Swamp:4  | Got a decaying rune of Zot
 30384 | Swamp:4  | Reached skill level 15 in Polearms
 30432 | Swamp:4  | Noticed a thorn hunter
 30444 | Swamp:4  | Killed a thorn hunter
 31033 | Spider:1 | Entered Level 1 of the Spider Nest
 31210 | Spider:1 | Received a gift from Trog
 31726 | Spider:1 | Reached XP level 17. HP: 163/163 MP: 16/16
 31788 | Spider:1 | Found a runed translucent gate.
 31789 | Spider:1 | Found a runed translucent gate.
 31790 | Spider:1 | Found a runed translucent gate.
 31790 | Spider:1 | Noticed iishen's ghost (adept CeHu)
 32187 | Spider:1 | Paralysed by a Zot trap for 4 turns
 32221 | Spider:1 | Killed iishen's ghost
 32268 | Spider:1 | Got a pair of pitted gloves
 32276 | Spider:1 | Identified the +0 pair of gloves "Quoh" {rPois rF+ MR+}
                  | (You found it on level 1 of the Spider Nest)
 32663 | Spider:2 | Received a gift from Trog
 32871 | Spider:2 | Noticed Louise
 32897 | Spider:2 | Killed Louise
 33243 | Spider:2 | Reached skill level 10 in Dodging
 33587 | Spider:2 | Received a gift from Trog
 35062 | Spider:3 | Received a gift from Trog
 35325 | Spider:4 | Entered Level 4 of the Spider Nest
 35619 | Spider:4 | Reached XP level 18. HP: 173/173 MP: 17/17
 36017 | Spider:4 | Received a gift from Trog
 36103 | Spider:4 | Noticed Donald
 36117 | Spider:4 | Killed Donald
 36960 | Spider:4 | Reached skill level 15 in Shields
 37239 | Spider:4 | Got a gossamer rune of Zot
 37784 | Depths:1 | Entered Level 1 of the Depths
 37871 | Depths:1 | Found a gateway to Hell.
 38009 | Depths:1 | Received a gift from Trog
 38681 | Depths:2 | Noticed Mara
 38814 | Depths:2 | Killed Mara
 38859 | Depths:2 | Reached XP level 19. HP: 183/183 MP: 18/18
 39375 | Depths:2 | Noticed a juggernaut
 39403 | Depths:2 | Killed a juggernaut
 39447 | Depths:2 | Noticed a caustic shrike
 39463 | Depths:2 | Killed a caustic shrike
 39723 | Vaults:1 | Entered Level 1 of the Vaults
 40202 | Vaults:1 | Received a gift from Trog
 41474 | Vaults:2 | Reached XP level 20. HP: 190/193 MP: 19/19
 41595 | Vaults:2 | Received a gift from Trog
 42042 | Vaults:2 | Received a gift from Trog
 42604 | Vaults:2 | Found a staircase to the Crypt.
 43459 | Vaults:3 | Noticed Saint Roka
 43491 | Vaults:3 | Killed Saint Roka
 43491 | Vaults:3 | Received a gift from Trog
 44019 | Vaults:3 | Received a gift from Trog
 44219 | Vaults:3 | Noticed Bai Suzhen
 44231 | Vaults:3 | Killed Bai Suzhen
 44240 | Vaults:3 | Reached XP level 21. HP: 203/203 MP: 20/20
 45025 | Vaults:4 | Received a gift from Trog
 46527 | Elf:1    | Entered Level 1 of the Elven Halls
 46533 | Elf:1    | Received a gift from Trog
 46563 | Elf:1    | Found Sacergh's Gadget Boutique.
 46583 | Elf:1    | Found Begewkot's Assorted Antiques.
 46594 | Elf:1    | Bought 2 potions of heal wounds for 350 gold pieces
 46594 | Elf:1    | Bought 2 potions of heal wounds for 350 gold pieces
 46594 | Elf:1    | Bought a notched moonstone ring for 175 gold pieces
 46693 | Elf:1    | Found Ciwk's Book Boutique.
 46732 | Elf:1    | Reached skill level 15 in Dodging
 46893 | Elf:1    | Got a glittering diamond amulet
 46896 | Elf:1    | Got a slimy brass ring
 46904 | Elf:1    | Identified the amulet of Lust {Acrobat Slay+3} (You found
                  | it on level 1 of the Elven Halls)
 46916 | Elf:1    | Identified the ring of Satyriasis {MR+ AC+4} (You found it
                  | on level 1 of the Elven Halls)
 47155 | Elf:1    | Got a pitted ivory ring
 47158 | Elf:1    | Got a transparent diamond amulet
 47177 | Elf:1    | Identified the ring of Nihilism {rF+ rC+++ Int+7 Dex-5}
                  | (You found it on level 1 of the Elven Halls)
 47178 | Elf:1    | Identified the amulet "Wuyplaob" {Regen+ Stlth+} (You found
                  | it on level 1 of the Elven Halls)
 47220 | Elf:1    | Noticed Asterion
 47247 | Elf:1    | Killed Asterion
 47250 | Elf:1    | Received a gift from Trog
 47407 | Elf:1    | Found Riagoh's Distillery.
 47414 | Elf:1    | Bought a potion of mutation for 104 gold pieces
 47414 | Elf:1    | Bought a potion of haste for 130 gold pieces
 47414 | Elf:1    | Bought a potion of magic for 104 gold pieces
 47414 | Elf:1    | Bought a potion of resistance for 130 gold pieces
 47414 | Elf:1    | Bought a potion of curing for 39 gold pieces
 47414 | Elf:1    | Bought a potion of haste for 130 gold pieces
 47414 | Elf:1    | Bought a potion of curing for 39 gold pieces
 47414 | Elf:1    | Bought a potion of heal wounds for 65 gold pieces
 48159 | Elf:2    | Received a gift from Trog
 48259 | Elf:2    | Found a huge runed translucent gate.
 48259 | Elf:2    | Found a huge runed translucent gate.
 48260 | Elf:2    | Found a huge runed translucent gate.
 48585 | Elf:2    | Found a huge runed translucent gate.
 48585 | Elf:2    | Found a huge runed translucent gate.
 48622 | Elf:2    | Reached XP level 22. HP: 214/214 MP: 21/21
 49257 | Elf:3    | Entered Level 3 of the Elven Halls
 49544 | Elf:3    | Received a gift from Trog
 50789 | Elf:3    | Identified the cursed ring "Joluq" {rElec rC+ MR+ Str-2
                  | Dex-4 Stlth+}
 50815 | Elf:3    | Identified the ring of the Cockroach {rPois Slay+5}
 50848 | Elf:3    | Received a gift from Trog
 50850 | Elf:3    | Identified the cursed +1 robe of Istroweo {*Drain rElec rF+
                  | Str+4}
 50852 | Elf:3    | Identified the ring of the Locust {Wiz rF++ MP-9 Int+8
                  | Dex-2}
 50883 | Elf:3    | Got a twitching tin ring
 50884 | Elf:3    | Identified the ring "Tunnur" {*Drain rC+ Dex+9} (You found
                  | it on level 3 of the Elven Halls)
 51301 | Slime:1  | Entered Level 1 of the Pits of Slime
 51349 | Slime:1  | Gained mutation: Scrolls take you a little longer to read.
                  | [a shining eye]
 51509 | Slime:2  | Lost mutation: You are clumsy. (Dex -2) [potion of
                  | mutation]
 51509 | Slime:2  | Lost mutation: Scrolls take you a little longer to read.
                  | [potion of mutation]
 51509 | Slime:2  | Lost mutation: You are covered in fur. (AC +1) [potion of
                  | mutation]
 51509 | Slime:2  | Lost mutation: You have very sharp teeth. [potion of
                  | mutation]
 51509 | Slime:2  | Gained mutation: Your spells are a little harder to cast,
                  | but a little more powerful. [potion of mutation]
 51509 | Slime:2  | Gained mutation: You have an increased reservoir of magic.
                  | (+10% MP) [potion of mutation]
 51580 | Slime:3  | Found a viscous altar of Jiyva.
 51585 | Slime:4  | Noticed Dissolution
 51599 | Slime:3  | Killed Dissolution
 51688 | Slime:5  | Entered Level 5 of the Pits of Slime
 51939 | Slime:5  | Gained mutation: Scrolls take you a little longer to read.
                  | [a shining eye]
 51970 | Slime:5  | Reached XP level 23. HP: 156/224 MP: 24/24
 52157 | Slime:5  | Received a gift from Trog
 52342 | Slime:5  | Found a viscous altar of Jiyva.
 52342 | Slime:5  | Noticed the Royal Jelly
 52378 | Slime:5  | Killed the Royal Jelly
 52404 | Slime:5  | Got a slimy rune of Zot
 53391 | Vaults:5 | Entered Level 5 of the Vaults
 55043 | Vaults:5 | Identified the cursed +3 mace of Youthful Indiscretion
                  | {vorpal, rN+ Dex+3}
 55049 | Vaults:5 | Received a gift from Trog
 55207 | Vaults:5 | Reached XP level 24. HP: 235/235 MP: 24/24
 55226 | Vaults:5 | Noticed an ancient lich
 55234 | Vaults:5 | Received a gift from Trog
 55245 | Vaults:5 | Killed an ancient lich
 55340 | Vaults:5 | Lost mutation: Scrolls take you a little longer to read.
                  | [potion of mutation]
 55340 | Vaults:5 | Lost mutation: Your spells are a little harder to cast, but
                  | a little more powerful. [potion of mutation]
 55340 | Vaults:5 | Lost mutation: You have an increased reservoir of magic.
                  | (+10% MP) [potion of mutation]
 55340 | Vaults:5 | Gained mutation: Scrolls take you a little longer to read.
                  | [potion of mutation]
 55340 | Vaults:5 | Gained mutation: You are occasionally teleported next to
                  | monsters. [potion of mutation]
 55340 | Vaults:5 | Gained mutation: You are surrounded by a mild repulsion
                  | field. (EV +2) [potion of mutation]
 55341 | Vaults:5 | Lost mutation: You are occasionally teleported next to
                  | monsters. [potion of mutation]
 55341 | Vaults:5 | Lost mutation: Scrolls take you a little longer to read.
                  | [potion of mutation]
 55341 | Vaults:5 | Lost mutation: You are surrounded by a mild repulsion
                  | field. (EV +2) [potion of mutation]
 55341 | Vaults:5 | Gained mutation: You tend to lose your temper in combat.
                  | [potion of mutation]
 55341 | Vaults:5 | Gained mutation: You are partially covered in icy blue
                  | scales. (AC +2) [potion of mutation]
 55341 | Vaults:5 | Gained mutation: You are covered in fur. (AC +1) [potion of
                  | mutation]
 55341 | Vaults:5 | Gained mutation: You are partially covered in yellow
                  | scales. (AC +2) [potion of mutation]
 55342 | Vaults:5 | Lost mutation: You tend to lose your temper in combat.
                  | [potion of mutation]
 55342 | Vaults:5 | Lost mutation: You are partially covered in yellow scales.
                  | (AC +2) [potion of mutation]
 55342 | Vaults:5 | Gained mutation: Your spells are a little harder to cast,
                  | but a little more powerful. [potion of mutation]
 55342 | Vaults:5 | Gained mutation: Your muscles are strong. (Str +2) [potion
                  | of mutation]
 55601 | Vaults:5 | Got a silver rune of Zot
 56125 | Elf:1    | Upgraded the game from 0.25.0 to 0.25.0-1-g7eea58d2a3
 56764 | D:2      | Fell from the grace of Trog
 56764 | D:2      | Became a worshipper of the Shining One
 57155 | Crypt:1  | Entered Level 1 of the Crypt
 57178 | Crypt:1  | Noticed Nyubb's ghost (veteran MiGl)
 57193 | Crypt:1  | Found a transporter.
 57211 | Crypt:1  | Found a transporter.
 57230 | Crypt:1  | Reached * piety under the Shining One
 57234 | Crypt:1  | Noticed Jory
 57241 | Crypt:1  | Reached skill level 1 in Invocations
 57284 | Crypt:1  | Killed Nyubb's ghost
 57294 | Crypt:1  | Reached skill level 2 in Invocations
 57321 | Crypt:1  | Got an ancient turquoise ring
 57326 | Crypt:1  | Identified the ring "Xerunas" {rC+ Slay+2} (You found it on
                  | level 1 of the Crypt)
 57399 | Crypt:1  | Killed Jory
 57449 | Crypt:1  | Reached ** piety under the Shining One
 57552 | Crypt:1  | Reached *** piety under the Shining One
 57558 | Crypt:1  | Reached skill level 3 in Invocations
 57866 | Crypt:1  | Reached **** piety under the Shining One
 58045 | Crypt:1  | Reached skill level 4 in Invocations
 58192 | Crypt:2  | Noticed Boris
 58210 | Crypt:2  | Killed Boris
 58257 | Crypt:2  | Reached ***** piety under the Shining One
 58327 | Crypt:2  | Noticed Frederick
 58344 | Crypt:2  | Killed Frederick
 58767 | Crypt:2  | Reached skill level 5 in Invocations
 58998 | Crypt:3  | Entered Level 3 of the Crypt
 59086 | Crypt:3  | Reached ****** piety under the Shining One
 59279 | Crypt:3  | Identified a +9 trishula of holy wrath (a +9 vorpal demon
                  | trident blessed by the Shining One)
 59279 | Crypt:3  | Received a gift from the Shining One
 59576 | Crypt:3  | Reached skill level 6 in Invocations
 59589 | Crypt:3  | Found a staircase to the Tomb.
 59794 | Crypt:3  | Found a basalt altar of Yredelemnul.
 60096 | Crypt:3  | Reached XP level 25. HP: 245/245 MP: 26/27
 60107 | Crypt:3  | Found the +9 sword of Zonguldrok {reap}
 60107 | Crypt:3  | Found the ring of the Octopus King
 60155 | Crypt:3  | Got a ring of the Octopus King
 60156 | Crypt:3  | Identified a ring of the Octopus King {AC+1 EV+1 Str+1
                  | Int+1 Dex+1 SInv} (You found it on level 3 of the Crypt)
 60210 | Crypt:3  | Reached skill level 7 in Invocations
 60712 | D:15     | Paralysed by Trog for 7 turns
 60953 | Depths:2 | Found the +8 glaive of the Guard {elec, +Rage AC+5 SInv}
 61061 | Depths:2 | Noticed Aizul
 61072 | Depths:2 | Killed Aizul
 61846 | Depths:4 | Reached skill level 8 in Invocations
 62283 | Depths:4 | Noticed a juggernaut
 62297 | Depths:4 | Killed a juggernaut
 62297 | Depths:4 | Reached skill level 9 in Invocations
 62375 | Depths:4 | Found a one-way gate to the infinite horrors of the Abyss.
 62556 | Depths:4 | Voluntarily entered the Abyss.
 62834 | Abyss:2  | Found a corrupted altar of Lugonu.
 63157 | Abyss:2  | Found a sacrificial altar of Ru.
 63259 | Abyss:2  | Gained mutation: Your body sometimes deteriorates upon
                  | taking damage. [a neqoxec]
 63262 | Abyss:2  | Gained mutation: Your body often deteriorates upon taking
                  | damage. [a neqoxec]
 63361 | Abyss:2  | Reached skill level 10 in Invocations
 63489 | Abyss:2  | Found a blossoming altar of Fedhas.
 63505 | Abyss:2  | Found a blossoming altar of Fedhas.
 63533 | Depths:4 | Escaped the Abyss
 63535 | Depths:4 | Voluntarily entered the Abyss.
 63768 | Depths:4 | Escaped the Abyss
 63770 | Depths:4 | Voluntarily entered the Abyss.
 63804 | Abyss:2  | Found a corrupted altar of Lugonu.
 63968 | Abyss:2  | Found a radiant altar of Vehumet.
 63977 | Abyss:2  | Reached XP level 26. HP: 254/254 MP: 29/29
 64473 | Abyss:4  | Found a corrupted altar of Lugonu.
 64534 | Abyss:4  | Reached skill level 11 in Invocations
 64793 | Abyss:5  | Entered Level 5 of the Abyss
 65086 | Depths:4 | Escaped the Abyss
 65588 | Depths:4 | Voluntarily entered the Abyss.
 65605 | Abyss:1  | Reached skill level 12 in Invocations
 65631 | Abyss:2  | Paralysed by you for 3 turns
 65708 | Abyss:3  | Found a corrupted altar of Lugonu.
 65864 | Abyss:3  | Got an abyssal rune of Zot
 65875 | Depths:4 | Escaped the Abyss
 66413 | Depths:4 | Found a one-way gate leading to the halls of Pandemonium.
 66897 | Depths:5 | Entered Level 5 of the Depths
 67005 | Depths:5 | Got the ring "Qaki" {rElec rF- Str-4 Dex+9 Slay+4}
 67275 | Depths:5 | Reached skill level 13 in Invocations
 67345 | Depths:5 | Noticed the Enchantress
 67369 | Depths:5 | Killed the Enchantress
 67703 | Depths:5 | Reached XP level 27. HP: 264/264 MP: 32/32
 67826 | Depths:5 | Noticed a juggernaut
 67836 | Depths:5 | Killed a juggernaut
 67982 | Depths:5 | Found a gate to the Realm of Zot.
 68532 | Hell     | Entered the Vestibule of Hell
 68532 | Hell     | Noticed Geryon
 68565 | Hell     | Killed Geryon
 68739 | Hell     | Reached skill level 14 in Invocations
 68858 | Hell     | Found a gateway to the ashen valley of Gehenna.
 68864 | Geh:1    | Entered Level 1 of Gehenna
 69434 | Geh:2    | Reached skill level 15 in Invocations
 69790 | Geh:5    | Was forgiven by Trog
 70108 | Geh:7    | Entered Level 7 of Gehenna
 70180 | Geh:7    | Identified the +7 sceptre of Asmodeus
 70180 | Geh:7    | Noticed Asmodeus
 70201 | Geh:7    | HP: 13/267 [hellion/damnation[Asmodeus] (23)]
 70619 | Geh:7    | Got a brightly glowing plate armour
 70620 | Geh:7    | Identified the +8 plate armour of Hubris {rC++} (You found
                  | it on level 7 of Gehenna)
 70701 | Geh:7    | Reached skill level 16 in Invocations
 71244 | Geh:7    | Killed Asmodeus
 71291 | Geh:7    | Got an obsidian rune of Zot
 71548 | Hell     | Found a gateway to the decaying netherworld of Tartarus.
 71557 | Tar:1    | Entered Level 1 of Tartarus
 71836 | Tar:2    | Reached skill level 17 in Invocations
 72103 | Tar:7    | Entered Level 7 of Tartarus
 72463 | Tar:7    | Noticed Ereshkigal
 72483 | Tar:7    | Killed Ereshkigal
 72504 | Tar:7    | Got a bone rune of Zot
 72776 | Hell     | Found a gateway to the Iron City of Dis.
 72781 | Dis:1    | Entered Level 1 of the Iron City of Dis
 72864 | Dis:1    | You fall into a shaft and drop 1 floor!
 72894 | Dis:2    | Reached skill level 18 in Invocations
 72985 | Dis:2    | Noticed an ancient lich
 72996 | Dis:2    | Killed an ancient lich
 73292 | Dis:4    | You fall into a shaft and drop 1 floor!
 73400 | Dis:7    | Entered Level 7 of the Iron City of Dis
 73602 | Dis:7    | Cast into level 3 of the Abyss (reaper)
 73715 | Abyss:3  | Reached skill level 19 in Invocations
 73869 | Abyss:3  | Found a corrupted altar of Lugonu.
 73920 | Abyss:4  | Paralysed by accursed screaming for 1 turns
 74219 | Dis:7    | Escaped the Abyss
 74460 | Dis:7    | Reached skill level 20 in Invocations
 74675 | Dis:7    | Identified the Incunabulum of Floating Cold
 75370 | Dis:7    | Identified the +4 staff of Dispater
 75370 | Dis:7    | Noticed Dispater
 75390 | Dis:7    | Killed Dispater
 75428 | Dis:7    | Got an iron rune of Zot
 75612 | Hell     | Found a gateway to the freezing wastes of Cocytus.
 75632 | Coc:1    | Entered Level 1 of Cocytus
 75735 | Coc:2    | Reached skill level 21 in Invocations
 76630 | Coc:7    | Entered Level 7 of Cocytus
 76831 | Coc:7    | Lost mutation: Your muscles are strong. (Str +2) [mutagenic
                  | glow]
 76866 | Coc:7    | Gained mutation: You are occasionally teleported next to
                  | monsters. [mutagenic glow]
 76977 | Coc:7    | Reached skill level 22 in Invocations
 77115 | Coc:7    | Noticed Antaeus
 77168 | Coc:7    | Identified the +8 scimitar of Iconoclasm {antimagic, rElec
                  | rN+}
 77246 | Coc:7    | Identified Castik's Collected Works on Virous Clay
 77250 | Coc:7    | Identified the Tome of Earthen Air
 77614 | Coc:7    | Identified the ring of Kejyw {Ice rN++ Dex+4}
 77644 | Coc:7    | Killed Antaeus
 77659 | Coc:7    | Identified the Reference Book on the Arsonist and
                  | Displacement
 77667 | Coc:7    | Got an icy rune of Zot
 77888 | Pan      | Entered Pandemonium
 78187 | Pan      | Found a runed translucent door.
 78194 | Pan      | Found an exit through the horrors of the Abyss.
 78273 | Pan      | Reached skill level 23 in Invocations
 78295 | Pan      | Noticed Ybyeg the pandemonium lord
 78309 | Pan      | Killed Ybyeg the pandemonium lord
 78313 | Pan      | Got a demonic rune of Zot
 78316 | Pan      | Entered the realm of Cerebov.
 78345 | Pan      | Identified the +6 sword of Cerebov {flame}
 78345 | Pan      | Noticed Cerebov
 78374 | Pan      | Killed Cerebov
 78683 | Pan      | Got a fine turquoise ring
 78684 | Pan      | Identified the ring "Sianuow" {+Blink rPois Dex+3} (You
                  | found it in Pandemonium)
 78761 | Pan      | Got a pitted marble ring
 78762 | Pan      | Identified the ring "Zoessu" {rPois Str+4 Dex+4 Slay-6
                  | Stlth-} (You found it in Pandemonium)
 78769 | Pan      | Identified Gilimp's Compendium of Ashen Weightlessness
 78789 | Pan      | Identified the Incunabulum of Gliding Self-Knowledge
 78862 | Pan      | Got a fiery rune of Zot
 79074 | Pan      | Gained mutation: Your magical capacity is low. (-10% MP) [a
                  | cacodemon]
 79080 | Pan      | Gained mutation: Your magical capacity is very low. (-20%
                  | MP) [a cacodemon]
 79158 | Pan      | Entered the realm of Mnoleg.
 79201 | Pan      | Gained mutation: You are sometimes teleported next to
                  | monsters. [a cacodemon]
 79204 | Pan      | Gained mutation: You are dopey. (Int -2) [a cacodemon]
 79235 | Pan      | Noticed Mnoleg
 79235 | Pan      | Gained mutation: You are weak. (Str -2) [a neqoxec]
 79251 | Pan      | Killed Mnoleg
 79308 | Pan      | Gained mutation: Scrolls take you a little longer to read.
                  | [a neqoxec]
 79322 | Pan      | Reached skill level 24 in Invocations
 79351 | Pan      | Got a glowing rune of Zot
 79411 | Pan      | Lost mutation: Your spells are a little harder to cast, but
                  | a little more powerful. [potion of mutation]
 79411 | Pan      | Lost mutation: Scrolls take you a little longer to read.
                  | [potion of mutation]
 79411 | Pan      | Lost mutation: Your body often deteriorates upon taking
                  | damage. [potion of mutation]
 79411 | Pan      | Lost mutation: Your body sometimes deteriorates upon taking
                  | damage. [potion of mutation]
 79411 | Pan      | Gained mutation: Potions are less effective at restoring
                  | your health. [potion of mutation]
 79411 | Pan      | Gained mutation: You tend to lose your temper in combat.
                  | [potion of mutation]
 79411 | Pan      | Gained mutation: You are robust. (+10% HP) [potion of
                  | mutation]
 79412 | Pan      | Lost mutation: You are robust. (+10% HP) [potion of
                  | mutation]
 79412 | Pan      | Lost mutation: You tend to lose your temper in combat.
                  | [potion of mutation]
 79412 | Pan      | Gained mutation: Your spells are a little harder to cast,
                  | but a little more powerful. [potion of mutation]
 79412 | Pan      | Gained mutation: You expend magic power (3 MP) to
                  | strengthen your wands. [potion of mutation]
 79413 | Pan      | Lost mutation: You expend magic power (3 MP) to strengthen
                  | your wands. [potion of mutation]
 79413 | Pan      | Lost mutation: You are dopey. (Int -2) [potion of mutation]
 79413 | Pan      | Lost mutation: Your spells are a little harder to cast, but
                  | a little more powerful. [potion of mutation]
 79413 | Pan      | Gained mutation: You possess an exceptional clarity of
                  | mind. [potion of mutation]
 79413 | Pan      | Lost mutation: You possess an exceptional clarity of mind.
                  | [potion of mutation]
 79413 | Pan      | Gained mutation: You evolve. [potion of mutation]
 79414 | Pan      | Lost mutation: Potions are less effective at restoring your
                  | health. [potion of mutation]
 79414 | Pan      | Lost mutation: You are weak. (Str -2) [potion of mutation]
 79414 | Pan      | Lost mutation: You are covered in fur. (AC +1) [potion of
                  | mutation]
 79414 | Pan      | Gained mutation: Your muscles are strong. (Str +2) [potion
                  | of mutation]
 79415 | Pan      | Lost mutation: Your muscles are strong. (Str +2) [potion of
                  | mutation]
 79415 | Pan      | Lost mutation: You evolve. [potion of mutation]
 79415 | Pan      | Lost mutation: Your magical capacity is very low. (-20% MP)
                  | [potion of mutation]
 79415 | Pan      | Lost mutation: Your magical capacity is low. (-10% MP)
                  | [potion of mutation]
 79415 | Pan      | Gained mutation: Scrolls take you a little longer to read.
                  | [potion of mutation]
 79415 | Pan      | Gained mutation: You are agile. (Dex +2) [potion of
                  | mutation]
 79415 | Pan      | Gained mutation: You have sharp toenails. [potion of
                  | mutation]
 79416 | Pan      | Lost mutation: Scrolls take you a little longer to read.
                  | [potion of mutation]
 79416 | Pan      | Lost mutation: You are agile. (Dex +2) [potion of mutation]
 79416 | Pan      | Gained mutation: You are partially covered in yellow
                  | scales. (AC +2) [potion of mutation]
 79416 | Pan      | Gained mutation: You are dopey. (Int -2) [potion of
                  | mutation]
 79416 | Pan      | Lost mutation: You are dopey. (Int -2) [potion of mutation]
 79417 | Pan      | Lost mutation: You have sharp toenails. [potion of
                  | mutation]
 79417 | Pan      | Gained mutation: You are partially covered in slimy green
                  | scales. (AC +2) [potion of mutation]
 79418 | Pan      | Lost mutation: You are partially covered in icy blue
                  | scales. (AC +2) [potion of mutation]
 79418 | Pan      | Gained mutation: You have a somewhat thin skeletal
                  | structure. (Dex +2, Stealth) [potion of mutation]
 79418 | Pan      | Gained mutation: Your magical capacity is low. (-10% MP)
                  | [potion of mutation]
 79418 | Pan      | Gained mutation: You can translocate small distances at
                  | will. [potion of mutation]
 79732 | Pan      | Entered the realm of Lom Lobon.
 79842 | Pan      | Noticed Lom Lobon
 79895 | Pan      | Killed Lom Lobon
 79967 | Pan      | Got a magical rune of Zot
 80653 | Pan      | Entered the realm of Gloorx Vloq.
 80748 | Pan      | Noticed Gloorx Vloq
 80762 | Pan      | Killed Gloorx Vloq
 80798 | Pan      | Got a dark rune of Zot
 80858 | Depths:4 | Escaped Pandemonium
 80920 | Depths:3 | Noticed an ancient lich
 80928 | Depths:3 | Killed an ancient lich
 80933 | Depths:3 | Lost mutation: You are sometimes teleported next to
                  | monsters. [potion of mutation]
 80933 | Depths:3 | Lost mutation: You have a somewhat thin skeletal structure.
                  | (Dex +2, Stealth) [potion of mutation]
 80933 | Depths:3 | Gained mutation: Your skin changes colour to match your
                  | surroundings (Stealth+). [potion of mutation]
 80933 | Depths:3 | Gained mutation: You are covered in fur. (AC +1) [potion of
                  | mutation]
 80933 | Depths:3 | Gained mutation: You possess an exceptional clarity of
                  | mind. [potion of mutation]
 81276 | Tomb:1   | Entered Level 1 of the Tomb of the Ancients
 81427 | Tomb:1   | Noticed a greater mummy
 81437 | Tomb:1   | Killed a greater mummy
 81511 | Tomb:1   | Reached skill level 25 in Invocations
 81767 | Tomb:1   | Noticed a greater mummy
 81775 | Tomb:1   | Killed a greater mummy
 82018 | Tomb:1   | Noticed a greater mummy
 82032 | Tomb:1   | Killed a greater mummy
 82582 | Tomb:1   | Noticed a greater mummy
 82590 | Tomb:1   | Killed a greater mummy
 82831 | Tomb:2   | Noticed a greater mummy
 82834 | Tomb:2   | Noticed a greater mummy
 82842 | Tomb:2   | Noticed a greater mummy
 82847 | Tomb:2   | Noticed a greater mummy
 82854 | Tomb:2   | Killed a greater mummy
 82854 | Tomb:2   | Killed a greater mummy
 82855 | Tomb:2   | Killed a greater mummy
 82912 | Tomb:2   | Killed a greater mummy
 83331 | Tomb:1   | Noticed a greater mummy
 83335 | Tomb:1   | Noticed a greater mummy
 83338 | Tomb:1   | Noticed a greater mummy
 83339 | Tomb:1   | Killed a greater mummy
 83341 | Tomb:1   | Killed a greater mummy
 83341 | Tomb:1   | Reached skill level 26 in Invocations
 83342 | Tomb:1   | Killed a greater mummy
 83553 | Tomb:1   | Noticed a greater mummy
 83564 | Tomb:1   | Killed a greater mummy
 83704 | Tomb:1   | Noticed a greater mummy
 83713 | Tomb:1   | Killed a greater mummy
 83762 | Tomb:1   | Noticed a greater mummy
 83778 | Tomb:1   | Killed a greater mummy
 83884 | Tomb:1   | Noticed a greater mummy
 83886 | Tomb:1   | Noticed a greater mummy
 83895 | Tomb:1   | Noticed a greater mummy
 83895 | Tomb:1   | Killed a greater mummy
 83905 | Tomb:1   | Killed a greater mummy
 83909 | Tomb:1   | Noticed a greater mummy
 83913 | Tomb:1   | Killed a greater mummy
 83924 | Tomb:1   | Killed a greater mummy
 83933 | Tomb:1   | Noticed a greater mummy
 83933 | Tomb:1   | Noticed a greater mummy
 83993 | Tomb:1   | Killed a greater mummy
 83997 | Tomb:1   | Killed a greater mummy
 84530 | Tomb:1   | Noticed a greater mummy
 84545 | Tomb:1   | Killed a greater mummy
 84565 | Tomb:1   | Noticed a greater mummy
 84570 | Tomb:1   | Identified the +5 tower shield of Darkness {rN+ rCorr
                  | Dex+3}
 84574 | Tomb:1   | Killed a greater mummy
 84578 | Tomb:1   | Noticed a greater mummy
 84586 | Tomb:1   | Killed a greater mummy
 85131 | Tomb:1   | Noticed a greater mummy
 85134 | Tomb:1   | Noticed a greater mummy
 85135 | Tomb:1   | Noticed a greater mummy
 85143 | Tomb:1   | Killed a greater mummy
 85143 | Tomb:1   | Killed a greater mummy
 85145 | Tomb:1   | Killed a greater mummy
 85264 | Tomb:1   | Noticed a greater mummy
 85265 | Tomb:1   | Noticed a greater mummy
 85271 | Tomb:1   | Killed a greater mummy
 85275 | Tomb:1   | Killed a greater mummy
 85880 | Tomb:3   | Entered Level 3 of the Tomb of the Ancients
 85893 | Tomb:3   | Noticed a greater mummy
 85895 | Tomb:3   | Noticed a greater mummy
 85897 | Tomb:3   | Noticed an ancient lich
 85902 | Tomb:3   | Killed a greater mummy
 85902 | Tomb:3   | Reached skill level 27 in Invocations
 85908 | Tomb:3   | Noticed an ancient lich
 85909 | Tomb:3   | Noticed an ancient lich
 85911 | Tomb:3   | Killed an ancient lich
 85913 | Tomb:3   | Noticed a greater mummy
 85915 | Tomb:3   | Killed an ancient lich
 85916 | Tomb:3   | Killed a greater mummy
 85916 | Tomb:3   | Noticed a greater mummy
 85919 | Tomb:3   | Noticed an ancient lich
 85920 | Tomb:3   | HP: 9/270 [greater mummy/divine providence (13)]
 85932 | Tomb:3   | Killed an ancient lich
 85934 | Tomb:3   | Killed an ancient lich
 85940 | Tomb:3   | HP: 11/270 [sun demon[a mummy priest] (3)]
 85940 | Tomb:3   | HP: 4/270 [five-headed hydra zombie[a mummy priest] (7)]
 85941 | Tomb:3   | Killed from afar by a greater mummy

Illustrated notes

Levels and vault maps discovered:
D:1:      ncdulo_halloftheorcs, layout_rooms, serial_glass, glass_columns_b,
          glass_columns_a, glass_columns_a, glass_columns_c,
          minmay_misc_feat_pillars
D:2:      layout_basic, led_sif_pool, nicolae_tso_swordbearing_angel,
          uniq_terence
D:3:      layout_basic, eat_drink_and_be_merry_uskayaw
D:4:      layout_cave_pools, yredelemnul_altar_generic,
          minmay_temple_entry_tees, gup_ossuary_entry_pyramid,
          serial_co_window_serial, co_window_of_opportunity_a,
          co_window_paths_a, co_window_corner_a, co_window_paths_a,
          co_window_paths_b, co_window_paths_a, co_window_broadway_c,
          co_window_corner_b, co_window_corner_b, co_window_paths_c,
          co_window_paths_c, co_window_corner_cb, co_window_broadway_c,
          co_window_paths_e, glass_columns_a, serial_shops, shop, uniq_sigmund
D:5:      layout_basic, marbit_many_paths, first_ration, basic_altar,
          minmay_misc_feat_plants, minivault_25, grunt_dithmenos_smoke
D:6:      layout_basic, grunt_temple_overflow_champion_of_chaos, serial_shops,
          shop, grunt_decor_fettered, minivault_14, roderic_lattice_a,
          nrook_campfire, uniq_duvessa
D:7:      layout_rooms, okawaru_gym_becter, basic_altar
D:8:      layout_basic, lemuel_crystal_altar, enter_bailey_7, serial_undead,
          serial_undead_b, serial_undead_e, serial_undead_e, serial_undead_e
D:9:      layout_loops_corners, grunt_temple_overflow_open, erik_orc_4
D:10:     layout_rooms, serial_shops, shop_coins, blue_anna_alchemist
          [blue_anna_fruit_fields, blue_anna_fruit_fields], minmay_checkerbox
D:11:     layout_loops_ring, david_lair_shrubbed
D:12:     minmay_curly_fans, layout_basic, gauntlet_entry_generic,
          chequers_serial_rivers_small_3, uniq_nergalle, uniq_urug, uniq_rupert
D:13:     layout_roguey, basic_altar
D:14:     layout_layer_cave, ximxim_vaults_locker_room,
          minmay_misc_feat_nine_boxes
D:15:     hangedman_depths_entry_civil_slaughter, layout_cross,
          hangedman_abyss_or_decor_slice, uniq_roxanne
Lair:1:   wander_river, layout_gridlike, portal_ice_cave_entry_pillars_1
Lair:2:   layout_long_grid, spider_nest_entry_webs,
          ebering_ghost_reflecting_pool, minmay_holes, uniq_fannar
Lair:3:   layout_chaotic_city, minmay_swamp_entry_worms,
          nicolae_lair_grove_arrangements, nicolae_quartered_pool_little,
          fungi_pond_lemuel
Lair:4:   layout_misc_corridors, serial_bayou, serial_bayou_pond_a,
          serial_bayou_pond_a, serial_bayou_pond_d, serial_bayou_pond_a
Lair:5:   layout_cave_pods, nicolae_slime_entry_slimehenge, lemuel_fruit_tree,
          serial_bayou_shore_b, grunt_megastairs_4, uniq_nessos
Lair:6:   minmay_lair_end_enchanted_forest, layout_cave_pods,
          gammafunk_ghost_cemetery, minmay_lindwurm_lava,
          infiniplex_staircase_pool_2, uniq_josephine
Swamp:1:  layout_falls_marsh, nicolae_swamp_round_clearing,
          infiniplex_staircase_pool
Swamp:2:  layout_basic_swamp, hangedman_swamp_ruin_wall
Swamp:3:  layout_falls_marsh, evilmike_swamp_ruin_rubble_2
Swamp:4:  swamp_basic_johnstein, layout_basic_swamp, swamp_pool2
Spider:1: layout_spider_delve, gammafunk_ghost_tricky_traps,
          nicolae_spider_webs_and_nodes
Spider:2: spiders_nest_scorpion_pit, uniq_louise
Spider:3: layout_spider_delve, hangedman_stitches_earthworm
Spider:4: spider_rune_water, minivault_29, uniq_donald
Slime:1:  layout_caves
Slime:2:  cheibrodos_slime_lost_civilization_9, layout_caves
Slime:3:  cheibrodos_slime_lost_civilization_8, layout_caves, basic_altar
Slime:4:  layout_caves, dissolution_awaits
Slime:5
Orc:1:    layout_caves, serial_shops, shop_fountains
Orc:2:    grunt_orc_tribal_feast, layout_diamond_mine
Elf:1:    minmay_the_grid_triangle_9x9_recursive_2_mashed
          [minmay_the_grid_triangle_9x9_prize_special,
          minmay_the_grid_triangle_9x9_intruding_spiral,
          minmay_the_grid_triangle_9x9_negative_grid,
          minmay_the_grid_triangle_9x9_alien], layout_loops_corners,
          serial_shops, shop, shop, nicolae_shop_crystal, shop,
          minmay_elf_crystal_heptagon, grunt_ministairs_3, uniq_asterion
Elf:2:    layout_loops_ring, serial_sigils, serial_sigils_hangedman_gut,
          serial_sigils_hangedman_stare, serial_sigils_hangedman_gnaw,
          amethyst_killhole, grunt_ministairs_9
Elf:3:    minmay_elf_hall_circle, layout_onion_city
Vaults:1: nicolae_vaults_fighting_squares, v_misc_9, ontoclasm_vaults_pinch,
          hangedman_vaults_capsules, nicolae_vaults_specimen_jars,
          v_alt_pattern_5, nicolae_vaults_hallways_thing, vaults_room_grid,
          hangedman_vaults_slice, nicolae_vaults_gold_heap,
          hangedman_vaults_slice, vaults_room_grunt_arrival_checkpoint,
          vaults_dpeg_cross, vaults_dpeg_ring, layout_vaults_ring
Vaults:2: ontoclasm_vaults_ring_square, blue_anna_dwarven_crypt,
          nicolae_vaults_meeting, grunt_vaults_diagonal,
          nicolae_vaults_network_star, v_pattern_1, hangedman_vaults_hat,
          vaults_room_corners, ontoclasm_vaults_ligature, layout_vaults_big_room
Vaults:3: ontoclasm_vaults_gateway, hangedman_vaults_river_flow,
          vaults_room_boxed, ontoclasm_vaults_tryst, v_misc_9, v_misc_14,
          v_misc_9, hangedman_vaults_nodes, layout_vaults_omnigrid,
          uniq_saint_roka, uniq_bai_suzhen
Vaults:4: ontoclasm_vaults_fault, hangedman_vaults_slice,
          nicolae_vaults_rhombus_6, nicolae_vaults_triangles,
          nicolae_vaults_octagons, v_misc_15, vaults_room_pool,
          ontoclasm_vaults_twist, v_pattern_4, vaults_room_door_ring,
          vaults_room_pools, grunt_vaults_hallway_long, vaults_mumra_chevron,
          v_misc_25, layout_vaults_omnibox
Vaults:5
Crypt:1:  layout_gridlike, gammafunk_ghost_mausoleum, grunt_crypt_arrival_split,
          uniq_jory
Crypt:2:  layout_chaotic_city, grunt_ministairs_13, uniq_frederick, uniq_boris
Crypt:3:  evilmike_haunted_forest
Tomb:1
Tomb:2
Tomb:3
Depths:1: layout_cave_pools, hell_entry, feat_on_display, serial_bayou_shore_b
Depths:2: minmay_guarded_unrand_guard, layout_cave_shapes,
          pf_dread_powers_of_hell, uniq_mara, uniq_aizul
Depths:3: lemuel_river_lethe, abyss_entry, hell_entry, pan_entry
Depths:4: minmay_nine_rooms, layout_gridlike, nrook_mini_backslash,
          grunt_pan_entry_in_and_out, abyss_entry, hell_entry,
          serial_bayou_pond_e
Depths:5: grunt_zot_entry_gee_three, layout_cave_shapes, minivault_14,
          hell_entry, abyss_entry, uniq_enchantress
Hell
Dis:1:    layout_subdivisions
Dis:2:    layout_gridville, special_room [special_room_morgue]
Dis:3:    layout_jigsaw
Dis:4:    layout_subdivisions
Dis:5:    layout_subdivisions
Dis:6:    layout_regular_city, hangedman_player_shredder
Dis:7:    dis_hangedman
Geh:1:    layout_gehenna_lava_caves
Geh:2:    layout_gehenna_pools_box, gehenna_fire_generator
Geh:3:    layout_gehenna_lava_caves
Geh:4:    layout_gehenna_lava_caves
Geh:5:    layout_gehenna_pools_triple
Geh:6:    layout_gehenna_pools_triple
Geh:7:    evilmike_geh
Coc:1:    layout_cocytus_water_paths
Coc:2:    layout_ice_bergs
Coc:3:    layout_ice_bergs
Coc:4:    layout_ice_bergs
Coc:5:    layout_ice_bergs
Coc:6:    layout_ice_bergs
Coc:7:    coc_hangedman
Tar:1:    layout_catacombs
Tar:2:    layout_cathedral_of_symmetry, lemuel_nasty_fountain,
          grunt_megastairs_3
Tar:3:    layout_cathedral_of_symmetry
Tar:4:    layout_cathedral_of_symmetry
Tar:5:    layout_cathedral_of_symmetry
Tar:6:    layout_grid_maze, nicolae_tar_cuneiform_city
Tar:7:    tar_old

Skill      XL: |  1  2  3  4  5  6  7  8  9 10 11 12 13 14 15 16 17 18 19 20 21 22 23 24 25 26 27 |
---------------+----------------------------------------------------------------------------------+-----
Axes           | 4 5 6 8 10 11 12 | 12.6
Polearms       | 6 9 11 13 15 17 18 20 21 23 24 25 26 | 26.8
Shields        | 4 7 10 11 12 13 14 15 16 17 18 26 | 26.9
Fighting       | 5 8 10 13 15 16 17 18 19 20 21 22 23 24 26 | 26.5
Armour         | 4 8 10 13 15 16 17 18 19 20 21 22 23 24 26 | 26.4
Dodging        | 5 7 9 10 11 13 14 15 16 17 18 19 26 | 26.8
Invocations    | 6 10 13 27 | 27.0

Action                   |  1- 3 |  4- 6 |  7- 9 | 10-12 | 13-15 | 16-18 | 19-21 | 22-24 | 25-27 || total
-------------------------+-------+-------+-------+-------+-------+-------+-------+-------+-------++-------
Melee: Hand axe          |    45 |   230 |   112 |       |       |       |       |       |       ||   387
       Headbutt          |     6 |    49 |    60 |   127 |   339 |   571 |   508 |   562 |  1807 ||  4029
       Lance             |       |       |   242 |   732 |  1543 |  2262 |  1912 |  1953 |  5979 || 14623
       Bite              |       |       |       |       |   140 |   334 |   299 |    47 |       ||   820
Invok: Berserk           |     2 |     2 |       |     7 |     7 |     6 |     1 |     1 |       ||    26
       Trog's Hand       |       |     1 |       |     1 |       |    10 |     6 |    10 |       ||    28
       Brothers in Arms  |       |       |       |       |     4 |     6 |     3 |    13 |       ||    26
       Cleansing Flame   |       |       |       |       |       |       |       |     1 |   225 ||   226
       Brand Weapon With |       |       |       |       |       |       |       |     1 |       ||     1
       Divine Shield     |       |       |       |       |       |       |       |       |    24 ||    24
       Summon Divine War |       |       |       |       |       |       |       |       |    33 ||    33
Evoke: Wand              |       |       |       |       |       |     9 |       |       |     4 ||    13
  Use: Scroll            |       |       |     3 |    20 |    10 |     3 |    19 |     9 |    34 ||    98
       Potion            |       |       |       |       |     1 |     6 |       |     8 |    52 ||    67
 Stab: Invisible         |       |       |       |       |       |    23 |       |     4 |       ||    27
       Confused          |       |       |       |       |       |     2 |       |       |       ||     2
       Held in net/web   |       |       |       |       |       |     7 |       |       |       ||     7
       Distracted        |       |       |       |       |       |     3 |     2 |     5 |       ||    10
  Eat: Chunk             |     2 |     8 |    10 |    17 |    26 |    20 |    16 |     4 |     8 ||   111
       Ration            |       |     1 |     1 |     5 |     6 |     8 |     6 |    14 |    36 ||    77
Armor: Animal skin       |    12 |       |       |       |       |       |       |       |       ||    12
       Chain mail        |       |    80 |   108 |   139 |   130 |       |       |       |       ||   457
       Ice dragon scales |       |       |       |       |   116 |     3 |       |       |       ||   119
       Crystal plate arm |       |       |       |       |       |  1123 |   256 |   483 |  1324 ||  3186
Dodge: Dodged            |    34 |    73 |    57 |    92 |   241 |   548 |   226 |   514 |  1699 ||  3484
Block: Kite shield       |       |       |    36 |   113 |       |  1282 |   675 |   892 |  3697 ||  6695
       Buckler           |       |       |       |    17 |   382 |   204 |       |       |       ||   603
       Reflection        |       |       |       |       |    32 |    18 |    98 |       |       ||   148
